 Dungeon Crawl Stone Soup version 0.18.1-8-gdd0e5ea (webtiles) character file.

560 cruasano the Ruffian (level 7, -2/68 HPs)
             Began as a Troll Monk on May 30, 2016.
             Was an Initiate of Zin (penitent).
             Killed from afar by Dowan (12 damage)
             ... with a stone arrow
             ... on level 5 of the Dungeon.
             The game lasted 00:21:15 (3997 turns).

cruasano the Ruffian (Troll Monk)                   Turns: 3997, Time: 00:21:16

Health: -2/68      AC:  6    Str: 22    XL:     7   Next: 9%
Magic:  6/6        EV: 12    Int:  6    God:    Zin [*]
Gold:   235        SH:  0    Dex: 16    Spells: 0 memorised, 6 levels left

rFire  + . .     SeeInvis .     n - +5 quarterstaff (chaos)
rCold  x . .     Gourm    +     a - +0 robe
rNeg   . . .     Faith    .     (shield currently unavailable)
rPois  .         Spirit   .     (helmet restricted)
rElec  .         Dismiss  .     o - +0 cloak {+Inv}
rCorr  .         Reflect  .     (gloves unavailable)
SustAt .         Harm     +     (boots unavailable)
MR     .....                    d - amulet of harm
Stlth  ++........               w - +4 ring of dexterity
                                i - ring of fire

@: very slightly contaminated, hasted, very quick, not resistant to hostile
enchantments, unstealthy
A: unfitting armour, claws 3, fast metabolism 3, gourmand, regeneration 2,
shaggy fur 1, tough skin 2
a: Donate Gold, Renounce Religion, Evoke Invisibility


You were on level 5 of the Dungeon.
You worshipped Zin.
Zin was demanding penance.
You were not hungry.

You visited 2 branches of the dungeon, and saw 6 of its levels.

You collected 261 gold pieces.
You donated 26 gold pieces to Zin.

Inventory:

Hand Weapons
 n - a +5 quarterstaff of chaos (weapon)
Armour
 a - a +0 robe (worn)
 c - a +0 cloak
 j - a +0 robe
 o - a +0 cloak of invisibility (worn)
Jewellery
 d - an amulet of harm (around neck)
 f - an uncursed ring of ice
 g - an uncursed amulet of rage
 i - a ring of fire (left claw)
 u - an uncursed ring of fire
 w - a +4 ring of dexterity (right claw)
Scrolls
 h - 2 scrolls of noise
 p - 2 scrolls of teleportation
 q - a scroll of recharging
 r - a scroll of remove curse
Potions
 e - a potion of haste
 k - a potion of flight
 l - a potion of heal wounds {unknown}
 m - 2 potions of brilliance {unknown}
 s - a potion of mutation {unknown}
 t - a potion of invisibility {unknown}
Books
 v - a book of Envenomations

   Spells                             Type                      Level
   a - Spider Form                    Transmutation/Poison         3
   b - Olgreb's Toxic Radiance        Poison                       4
   c - Alistair's Intoxication        Transmutation/Poison         5
   d - Poisonous Cloud                Conjuration/Poison/Air       6
Comestibles
 b - 3 bread rations


   Skills:
 + Level 3.6 Fighting
 + Level 4.6 Dodging
 + Level 1.9 Stealth
 + Level 5.8 Unarmed Combat


You had 6 spell levels left.
You didn't know any spells.

Dungeon Overview and Level Annotations

Branches:
Dungeon (5/15)             Temple (1/1) D:4

Altars:
Ashenzari
Cheibriados
Dithmenos
Elyvilon
Fedhas
Gozag
Kikubaaqudgha
Makhleb
Nemelex Xobeh
Okawaru
Pakellas
Qazlal
Ru
Sif Muna
Trog
Vehumet
Xom
Yredelemnul
Zin
The Shining One

Shops:
D:5 }

Annotations:
D:5 Dowan


Innate Abilities, Weirdness & Mutations

You are too large for most types of armour.
You have claws for hands.
Your metabolism is lightning-fast.
You like to eat raw meat.
You heal very quickly.
You are covered in fur (AC +1).
You have very tough skin (AC +2).


Message History

* * * LOW HITPOINT WARNING * * *
Drink which item? (? for menu, Esc to quit)
You feel yourself speed up.
Dowan hits you with a dagger of protection.
You feel a little guilty. "You will pay for your transgression, mortal!"
* * * LOW HITPOINT WARNING * * *
You are very lightly contaminated with residual magic.
Dowan hits you with a dagger of protection.
You feel a little guilty. "You will pay for your transgression, mortal!"
* * * LOW HITPOINT WARNING * * *
Dowan casts a spell at you. The shard of ice hits you!
You feel a painful chill!
You feel a little guilty. "You will pay for your transgression, mortal!"
* * * LOW HITPOINT WARNING * * *
Dowan casts a spell at you. The stone arrow hits you!
You feel a little guilty. "You will pay for your transgression, mortal!"
You die...

#.....#
###########.....#
................########
.....######...)........#
##(..#
#.....######.#######
##(..# #######
#......e.# ##...###
####### ###..#####.#
###....###......###))(.#
...)............@..e...#
.###....##.####.###....#
.####...# .# #. ##...#
...#....# .####? ......#
..####..##...###
##...#.# ...###.....#.#
#...#.# .............#
#...# # .#..####.....#
#...# .#..#####....#


You could see Dowan.

Vanquished Creatures
  Duvessa (D:5)
  A centaur (D:5)
  A scorpion (D:4)
  2 crimson imps (D:5)
  A giant frog zombie (D:5)
  Crazy Yiuf (D:2)
  A worker ant (D:5)
  9 adders
  A shadow imp (D:5)
  An adder skeleton (D:4)
  2 worms
  3 dart slugs
  A giant gecko (D:3)
  7 orcs (D:3)
  3 ball pythons
  5 giant cockroaches
  6 goblins
  7 hobgoblins
  4 jackals
  9 kobolds
  7 bats
  A giant newt (D:1)
  6 rats
  A bush (Temple)
81 creatures vanquished.

Notes
Turn   | Place    | Note
--------------------------------------------------------------
     0 | D:1      | cruasano the Troll Monk began the quest for the Orb.
     0 | D:1      | Reached XP level 1. HP: 22/22 MP: 0/0
   246 | D:1      | Reached XP level 2. HP: 29/29 MP: 1/1
   703 | D:1      | Reached XP level 3. HP: 36/36 MP: 2/2
  1202 | D:2      | Reached XP level 4. HP: 25/44 MP: 3/3
  1349 | D:2      | Noticed Crazy Yiuf
  1354 | D:2      | Killed Crazy Yiuf
  1931 | D:3      | Reached XP level 5. HP: 53/53 MP: 4/4
  2047 | D:3      | Reached skill level 5 in Unarmed Combat
  2517 | D:3      | Found an iron altar of Okawaru.
  2742 | D:4      | Found a white marble altar of Elyvilon.
  2756 | D:4      | Became a worshipper of Elyvilon the Healer
  2756 | D:4      | Reached * piety under Elyvilon
  2756 | D:4      | Reached ** piety under Elyvilon
  2818 | D:4      | Was placed under penance by Elyvilon
  2843 | D:4      | Found a staircase to the Ecumenical Temple.
  2891 | D:4      | Was forgiven by Elyvilon
  2954 | Temple   | Entered the Ecumenical Temple
  3142 | Temple   | Was placed under penance by Elyvilon
  3356 | D:4      | Found a stormy altar of Qazlal.
  3640 | D:5      | Entered Level 5 of the Dungeon
  3650 | D:5      | Reached XP level 6. HP: 59/61 MP: 5/5
  3828 | D:5      | Found a glowing silver altar of Zin.
  3832 | D:5      | Fell from the grace of Elyvilon
  3832 | D:5      | Became a worshipper of Zin the Law-Giver
  3832 | D:5      | Reached * piety under Zin
  3878 | D:5      | Found Feazouh's Gadget Shop.
  3968 | D:5      | Noticed Dowan
  3969 | D:5      | Noticed Duvessa
  3979 | D:5      | Was placed under penance by Zin
  3985 | D:5      | Killed Duvessa
  3985 | D:5      | Reached XP level 7. HP: 45/68 MP: 6/6
  3997 | D:5      | Killed from afar by Dowan

Skill      XL: |  1  2  3  4  5 |
---------------+----------------+-----
Fighting       | 3 |  3.6
Dodging        | 3 4 |  4.6
Unarmed Combat | 5 |  5.8
Stealth        | |  1.9

Action                   |  1- 3 |  4- 6 |  7- 9 || total
-------------------------+-------+-------+-------++-------
Melee: Unarmed           |    75 |   134 |       ||   209
       Punch             |     2 |     7 |       ||     9
       Quarterstaff      |       |     9 |     5 ||    14
  Use: Scroll            |     6 |     8 |       ||    14
       Potion            |       |       |     1 ||     1
 Stab: Sleeping          |     2 |       |       ||     2
  Eat: Chunk             |     2 |    23 |       ||    25
       Bread ration      |     1 |       |       ||     1
       Meat ration       |       |     1 |       ||     1
       Beef jerky        |       |     1 |       ||     1
Armor: Robe              |    32 |    49 |     4 ||    85
Dodge: Dodged            |    51 |    78 |     4 ||   133
